 Dungeon Crawl Stone Soup version 0.20.1-1-g8b1a95d (webtiles) character file.

2698 Sunburn the Skirmisher (level 9, 0/63 HPs)
             Began as a Halfling Assassin on July 11, 2017.
             Was a Believer of Dithmenos.
             Succumbed to a killer bee's poison
             ... on level 8 of the Dungeon.
             The game lasted 00:32:22 (9809 turns).

Sunburn the Skirmisher (Halfling Assassin)          Turns: 9809, Time: 00:32:23

Health: 0/63       AC:  9    Str: 12    XL:     9   Next: 97%
Magic:  10/10      EV: 18    Int: 10    God:    Dithmenos [**....]
Gold:   512        SH:  0    Dex: 18    Spells: 2/9 levels left

rFire    + . .     SeeInvis .   o - +2 falchion (freeze)
rCold    . . .     Gourm    .   (shield restricted)
rNeg     . . .     Faith    .   t - +0 leather armour
rPois    +         Spirit   .   i - +2 helmet
rElec    .         Reflect  .   d - +2 cloak
rCorr    .         Harm     .   (no gloves)
MR       .....                  (no boots)
Stlth    ++++......             (no amulet)
Regen    0.2/turn               j - ring of poison resistance
MPRegen  0.2/turn               m - ring of protection from fire

@: lethally poisoned (0 -> -1), about to teleport, wreathed by umbra
A: high mp 1, mutation resistance 1
a: Shadow Step, Renounce Religion


You were on level 8 of the Dungeon.
You worshipped Dithmenos.
Dithmenos was pleased with you.
You were not hungry.

You visited 2 branches of the dungeon, and saw 10 of its levels.
You also visited: Ossuary.

You collected 512 gold pieces.

Inventory:

Hand Weapons
 a - a +4 dagger
 b - a +0 blowgun
 c - a +0 hunting sling of velocity
 o - a +2 falchion of freezing (weapon)
 B - a +1 flail of draining
 I - a +0 long sword
Missiles
 e - 8 poisoned needles
 f - a curare-tipped needle
 p - 8 tomahawks (quivered)
 O - 20 sling bullets
Armour
 d - a +2 cloak (worn)
 i - a +2 helmet (worn)
 t - a +0 leather armour (worn)
 N - a scarf of cloud immunity
Magical Staves
 n - an uncursed staff of cold
 D - an uncursed staff of death
 L - an uncursed staff of earth
Jewellery
 j - a ring of poison resistance (left hand)
 m - a ring of protection from fire (right hand)
Wands
 q - a wand of lightning (7/15)
 u - a wand of lightning (5/15)
 x - a wand of scattershot (2/9)
Scrolls
 v - 2 scrolls of recharging
 z - 2 scrolls of teleportation
 C - a scroll of immolation {unknown}
 E - a scroll of remove curse
Potions
 r - a potion of brilliance
 F - a potion of cancellation {unknown}
 J - 2 potions of resistance {unknown}
Books
 w - a Young Poisoner's Handbook

   Spells                             Type                      Level
   a - Sting                          Conjuration/Poison           1
   b - Poisonous Vapours              Poison/Air                   2
   c - Mephitic Cloud                 Conjuration/Poison/Air       3
   d - Olgreb's Toxic Radiance        Poison                       4
   e - Venom Bolt                     Conjuration/Poison           5
 y - a book of Minor Magic

   Spells                             Type                      Level
   a - Magic Dart                     Conjuration                  1
   b - Blink                          Translocation                2
   c - Call Imp                       Summoning                    2
   d - Slow                           Hexes                        2
   e - Conjure Flame                  Conjuration/Fire             3
   f - Mephitic Cloud                 Conjuration/Poison/Air       3
 H - a book of Necromancy

   Spells                             Type                      Level
   a - Pain                           Necromancy                   1
   b - Animate Skeleton               Necromancy                   1
   c - Vampiric Draining              Necromancy                   3
   d - Regeneration                   Charms/Necromancy            3
   e - Animate Dead                   Necromancy                   4
   f - Control Undead                 Necromancy                   4
 M - a book of Maledictions

   Spells                             Type                      Level
   a - Corona                         Hexes                        1
   b - Ensorcelled Hibernation        Hexes/Ice                    2
   c - Confuse                        Hexes                        3
   d - Tukima's Dance                 Hexes                        3
   e - Dazzling Spray                 Conjuration/Hexes            3
Comestibles
 h - 8 royal jellies
 k - 4 fruits
 s - 2 meat rations


   Skills:
 + Level 6.7 Fighting
 - Level 4.8(6.9) Short Blades
 + Level 6.2(6.8) Long Blades
 - Level 0.1 Maces & Flails
 - Level 2.0 Throwing
 + Level 2.9 Armour
 - Level 6.1 Dodging
 - Level 6.5 Stealth
 * Level 0.5 Spellcasting
 * Level 0.5 Hexes
 * Level 0.6 Ice Magic


You had 2 spell levels left.
You knew the following spells:

 Your Spells              Type           Power        Failure   Level  Hunger
a - Sting                 Conj/Pois      #...         43%         1    ##.....
b - Blink                 Tloc           N/A          56%         2    ###....
c - Slow                  Hex            #.......     50%         2    ###....
d - Ensorcelled Hibernat  Hex/Ice        #.....       50%         2    ###....


Dungeon Overview and Level Annotations

Branches:
Dungeon (9/15)             Temple (1/1) D:4
   Lair: D:8-11         Orc: D:9-12

Altars:
Ashenzari
Cheibriados
Dithmenos
Elyvilon
Gozag
Hepliaklqana
Kikubaaqudgha
Makhleb
Nemelex Xobeh
Okawaru
Qazlal
Ru
Sif Muna
Trog
Vehumet
Xom
Yredelemnul
Zin
The Shining One

Annotations:
D:3 Britaniac's ghost, amateur GrEE
D:7 Pikel; p0werm0de's ghost, novice MiBe
D:8 p0werm0de's ghost, novice DsBe
D:9 p0werm0de's ghost, novice DsBe


Innate Abilities, Weirdness & Mutations

You are small and have problems with some larger weapons.
You are somewhat resistant to further mutation.
You have an increased reservoir of magic. (+10% MP)


Message History

A killer bee comes into view.
The killer bee buzzes angrily.
You slash the killer bee! You freeze the killer bee.
You kill the killer bee!
Dithmenos accepts your kill.
You feel less wooden.
Your +2 cloak unmelds from your body.
Your +2 helmet unmelds from your body.
Your +0 leather armour unmelds from your body.
As you read the scroll of teleportation, it crumbles to dust.
You feel strangely unstable.
* * * LOW HITPOINT WARNING * * *
You feel sick. The killer bee stings you.
* * * LOW HITPOINT WARNING * * *
The killer bee completely misses you.
You riposte.
You miss the killer bee.
Your surroundings suddenly seem different.
An adder comes into view.
As you read the scroll of teleportation, it crumbles to dust.
You feel strangely unstable.
You die...

# #.. #.### ######..#..##..... #
#.# #...# ######........... # #.
#.#.# #...........##### # #.
#.#.# #.##.#####.## . #.#.#
#.##.# #.# . # #.#(#####.#<.# #.#
...######.#(......#.######.######
.%.).............................
..###.>.)###...@...#########....
#..([....S..y..# ###..
#....###.......# #.> #....#
#.......# #.. #....# #########
#.. ###### #.. #.. #.. #..


You could see a killer bee and an adder (wandering).

Vanquished Creatures
  An orc warrior (D:9)
  A sky beast (D:9)
  An ice beast (D:4)
  2 phantoms
  An ogre (D:8)
  3 centaurs
  3 elf zombies (Ossuary)
  A bullfrog (D:6)
  A scorpion (D:5)
  7 killer bees
  3 howler monkeys
  2 wights (D:7)
  A jelly (D:5)
  2 quasits
  A bullfrog zombie (D:9)
  A centaur zombie (D:7)
  2 human zombies (Ossuary)
  2 hounds
  2 orc priests
  4 orc wizards
  2 bullfrog skeletons (D:7)
  3 iguanas
  6 worker ants
  2 big kobold zombies (Ossuary)
  2 hound zombies
  3 mummies (Ossuary)
  A worker ant zombie (D:5)
  9 adders
  3 gnolls
  4 river rats (D:5)
  An ooze (D:4)
  3 adder zombies (Ossuary)
  An adder skeleton (D:8)
  A worm (D:2)
  A dart slug (D:1)
  4 leopard geckos
  12 orcs
  2 ball pythons
  5 giant cockroaches
  A gnoll zombie (Ossuary)
  7 goblins
  5 hobgoblins
  6 jackals (D:1)
  7 kobolds
  3 quokkas
  5 bats
  7 frilled lizards
  6 goblin zombies (Ossuary)
  6 hobgoblin zombies (Ossuary)
  3 jackal zombies
  4 kobold zombies (Ossuary)
  2 orc zombies (Ossuary)
  3 quokka zombies
  4 rats
  2 rat zombies (Ossuary)
177 creatures vanquished.

Notes
Turn   | Place    | Note
-------+----------+-------------------------------------------
     0 | D:1      | Sunburn the Halfling Assassin began the quest for the Orb.
     0 | D:1      | Reached XP level 1. HP: 14/14 MP: 1/1
   202 | D:1      | Reached XP level 2. HP: 19/19 MP: 2/2
   525 | D:1      | Reached XP level 3. HP: 25/25 MP: 3/3
   966 | D:2      | Found a radiant altar of Vehumet.
  1092 | D:2      | Gained mutation: You have an increased reservoir of magic. (+10% MP) [potion of mutation]
  1395 | D:3      | Reached XP level 4. HP: 24/30 MP: 4/4
  2310 | D:3      | Reached XP level 5. HP: 31/36 MP: 5/5
  2993 | D:4      | Reached XP level 6. HP: 42/42 MP: 6/6
  3514 | D:4      | Found a staircase to the Ecumenical Temple.
  3520 | Temple   | Entered the Ecumenical Temple
  3690 | Temple   | Became a worshipper of Dithmenos the Shadowed
  3834 | D:3      | Noticed Britaniac's ghost (amateur GrEE)
  3905 | D:5      | Entered Level 5 of the Dungeon
  3955 | D:5      | Noticed a phantom
  4416 | D:5      | Noticed an ice beast
  4473 | D:5      | Found an ancient bone altar of Kikubaaqudgha.
  4506 | D:5      | Reached XP level 7. HP: 48/48 MP: 7/7
  4772 | D:5      | Reached skill level 5 in Dodging
  5447 | D:4      | Reached skill level 5 in Stealth
  5636 | D:4      | Reached skill level 5 in Fighting
  5636 | D:4      | Reached XP level 8. HP: 49/55 MP: 8/8
  5927 | D:5      | Reached * piety under Dithmenos
  5951 | D:5      | Learned a level 1 spell: Sting
  5954 | D:5      | Learned a level 2 spell: Blink
  5957 | D:5      | Learned a level 2 spell: Slow
  6749 | D:6      | Found a basalt altar of Yredelemnul.
  6990 | D:7      | Reached skill level 1 in Long Blades
  6993 | D:7      | Noticed Pikel
  7049 | D:7      | Noticed p0werm0de's ghost (novice MiBe)
  7547 | D:7      | Found a sand-covered staircase.
  7552 | Ossuary  | Entered an ossuary
  7848 | Ossuary  | Reached ** piety under Dithmenos
  7848 | Ossuary  | Reached XP level 9. HP: 41/62 MP: 9/9
  8079 | Ossuary  | Reached skill level 1 in Armour
  8528 | D:8      | Found a sacrificial altar of Ru.
  8601 | D:8      | Noticed p0werm0de's ghost (novice DsBe)
  8640 | D:8      | HP: 3/62 [p0werm0de's ghost (18)]
  8640 | D:8      | HP: 1/62 [p0werm0de's ghost (2)]
  9012 | D:9      | Reached skill level 5 in Long Blades
  9238 | D:9      | Noticed a two-headed ogre
  9256 | D:9      | Noticed p0werm0de's ghost (novice DsBe)
  9746 | D:8      | Learned a level 2 spell: Ensorcelled Hibernation
  9799 | D:8      | HP: 4/94 [poisoned by a killer bee]
  9805 | D:8      | HP: 1/63 [poisoned by a killer bee]
  9809 | D:8      | Succumbed to a killer bee's poison

Skill      XL: |  1  2  3  4  5  6  7  8  9 |
---------------+----------------------------+-----
Fighting       | 2 3 4 5 6 |  6.7
Dodging        | 2 3 4 5 6 |  6.1
Short Blades   | 3 4 |  4.8
Stealth        | 5 6 |  6.5
Long Blades    | 3 6 |  6.2
Armour         | 2 |  2.9
Maces & Flails | |  0.1
Throwing       | |  2.0
Spellcasting   | |  0.5
Hexes          | |  0.5
Ice Magic      | |  0.6

Action                   |  1- 3 |  4- 6 |  7- 9 || total
-------------------------+-------+-------+-------++-------
Melee: Dagger            |    85 |   222 |   189 ||   496
       Mace              |     7 |       |       ||     7
       Flail             |       |    25 |       ||    25
       Falchion          |       |       |   468 ||   468
       Long sword        |       |       |     5 ||     5
 Fire: Blowgun           |       |       |     6 ||     6
       Hunting sling     |       |       |    15 ||    15
Throw: Tomahawk          |       |     3 |     9 ||    12
Invok: Shadow Step       |       |       |     1 ||     1
  Use: Potion            |     1 |     2 |     9 ||    12
       Scroll            |       |     9 |    16 ||    25
 Stab: Sleeping          |     6 |     9 |    11 ||    26
  Eat: Chunk             |     1 |     4 |     2 ||     7
       Bread ration      |       |     2 |     4 ||     6
Armor: Robe              |    15 |       |       ||    15
       Leather armour    |       |    57 |   124 ||   181
       Skin              |       |     8 |    93 ||   101
Dodge: Dodged            |    70 |   194 |   643 ||   907
       Rpst.: Falchion   |       |       |   153 ||   153
       Long sword        |       |       |     1 ||     1
